 Dungeon Crawl Stone Soup version 0.20.1-1-g8b1a95d (webtiles) character file.

3497 Gargoyl the Cleaver (level 9, -10/81 HPs)
             Began as a Minotaur Abyssal Knight on Sept 29, 2017.
             Was a High Priest of Lugonu.
             Mangled by LiquoriceLizzard's ghost (15 damage)
             ... on level 8 of the Dungeon.
             The game lasted 00:16:10 (8100 turns).

Gargoyl the Cleaver (Minotaur Abyssal Knight)       Turns: 8100, Time: 00:16:11

Health: -10/81     AC: 15    Str: 18    XL:     9   Next: 80%
Magic:  12/12      EV:  6    Int:  9    God:    Lugonu [*****.]
Gold:   457        SH:  8    Dex: 12    Spells: 8/8 levels left

rFire    . . .     SeeInvis .   o - +7 hand axe (chop)
rCold    . . .     Gourm    .   N - +1 shield
rNeg     . . .     Faith    .   y - +0 chain mail
rPois    .         Spirit   .   (helmet restricted)
rElec    .         Reflect  .   (no cloak)
rCorr    .         Harm     .   (no gloves)
MR       .....                  d - +2 pair of boots
Stlth    ..........             (no amulet)
Regen    0.3/turn               i - ring of flight
MPRegen  0.2/turn               K - +1 ring of protection

@: no status effects
A: retaliatory headbutt, horns 2
a: Depart the Abyss, Bend Space, Banish, Corrupt, Enter the Abyss, Renounce
Religion, Evoke Flight


You were on level 8 of the Dungeon.
You worshipped Lugonu.
Lugonu was extremely pleased with you.
You were not hungry.

You visited 1 branch of the dungeon, and saw 8 of its levels.
You visited the Abyss 1 time.
You also visited: Ossuary and Bailey.

You collected 457 gold pieces.

Inventory:

Hand Weapons
 a - a +2 hand axe
 f - a +3 war axe
 o - a +7 hand axe of chopping (weapon)
 H - a +0 scimitar of holy wrath
Missiles
 M - 4 javelins (quivered)
Armour
 d - a +2 pair of boots (worn)
 y - a +0 chain mail (worn)
 N - a +1 shield (worn)
Jewellery
 i - a ring of flight (left hand)
 K - a +1 ring of protection (right hand)
Wands
 e - a wand of polymorph (14/24)
 g - a wand of iceblast (7/15)
 s - a wand of disintegration (10/24)
 t - a wand of lightning (3/15)
 C - a wand of lightning (7/15)
 D - a wand of random effects (19/48)
 F - a wand of enslavement (8/24)
 I - a wand of scattershot (4/9)
 O - a wand of flame (9/48)
Scrolls
 q - 2 scrolls of fog
 r - 2 scrolls of identify
 u - 5 scrolls of teleportation
 v - a scroll of recharging
 w - 4 scrolls of remove curse
 x - 2 scrolls of amnesia
Potions
 h - a potion of might
 j - 9 potions of curing
 k - a potion of invisibility {unknown}
 l - a potion of degeneration {unknown}
 m - 4 potions of heal wounds
 n - a potion of resistance {unknown}
 p - a potion of ambrosia {unknown}
 z - a potion of magic {unknown}
 A - 2 potions of flight {unknown}
 E - a potion of brilliance {unknown}
 G - a potion of haste {unknown}
Books
 J - a book of Misfortune

   Spells                             Type                      Level
   a - Confusing Touch                Hexes                        1
   b - Confuse                        Hexes                        3
   c - Gell's Gravitas                Translocation                3
   d - Petrify                        Transmutation/Earth          4
   e - Metabolic Englaciation         Hexes/Ice                    5
   f - Yara's Violent Unravelling     Hexes/Transmutation          5
Comestibles
 b - 3 meat rations
 c - 5 bread rations
 B - 3 royal jellies


   Skills:
 + Level 7.8 Fighting
 + Level 9.9 Axes
 * Level 9.5 Armour
 + Level 2.7 Dodging
 * Level 6.1 Invocations


You had 8 spell levels left.
You didn't know any spells.

Dungeon Overview and Level Annotations

Branches:
Dungeon (8/15)             Temple (0/1) D:6
   Lair: D:8-11

Altars:
Gozag
Trog

Annotations:
D:8 LiquoriceLizzard's ghost, novice FoAK


Innate Abilities, Weirdness & Mutations

You reflexively headbutt those who attack you in melee.
You have a pair of horns on your head.


Message History

You slash LiquoriceLizzard's ghost!
LiquoriceLizzard's ghost is lightly damaged.
LiquoriceLizzard's ghost hits you.
* * * LOW HITPOINT WARNING * * *
You are electrocuted!
* * * LOW HITPOINT WARNING * * *
You closely miss LiquoriceLizzard's ghost.
LiquoriceLizzard's ghost is lightly damaged.
LiquoriceLizzard's ghost hits you but does no damage.
You hit LiquoriceLizzard's ghost.
Your headbutt misses LiquoriceLizzard's ghost.
LiquoriceLizzard's ghost is moderately damaged.
You block LiquoriceLizzard's ghost's attack.
You slash LiquoriceLizzard's ghost!
LiquoriceLizzard's ghost is heavily damaged.
LiquoriceLizzard's ghost completely misses you.
LiquoriceLizzard's ghost hits you.
* * * LOW HITPOINT WARNING * * *
You are electrocuted!
You die...

#......†.......## #.. .
##..............####..
..###................)#.
#...#........<....######
#................#
###..............#
##..############ #...#
##@.# #.W#####
#......### #........#
#......... ##........
###....## #####


You could see LiquoriceLizzard's ghost.

Vanquished Creatures
  A hippogriff (D:7)
  Sigmund (D:3)
  A hungry ghost (D:7)
  2 ice beasts
  3 orc warriors
  5 ogres
  3 phantoms
  3 centaurs
  4 bullfrogs
  2 elf zombies (D:5)
  A scorpion (D:4)
  A howler monkey (D:7)
  2 crimson imps (D:7)
  A human zombie (D:5)
  3 hounds
  A jelly (D:7)
  A bullfrog skeleton (D:4)
  3 orc priests
  5 orc wizards
  2 human skeletons (D:5)
  Terence (D:3)
  6 worker ants
  4 big kobold zombies (Ossuary)
  A hound zombie (D:4)
  A mummy (Ossuary)
  A worker ant zombie (D:6)
  Robin (D:3)
  4 gnolls (D:6)
  9 adders
  A shadow imp (D:7)
  An ooze (D:2)
  An adder skeleton (D:7)
  A worm (D:4)
  A dart slug (D:2)
  4 leopard geckos
  25 orcs
  3 spectral bats (Ossuary)
  5 giant cockroaches
  21 goblins
  4 hobgoblins
  14 jackals
  8 kobolds
  A quokka (D:6)
  11 bats
  3 bat simulacra (Ossuary)
  3 frilled lizards
  8 gnoll zombies (Ossuary)
  4 goblin simulacra (Ossuary)
  3 goblin zombies (Ossuary)
  5 hobgoblin zombies (Ossuary)
  3 kobold simulacra (Ossuary)
  7 kobold zombies (Ossuary)
  3 orc skeletons (D:5)
  6 orc zombies
  A quokka zombie (D:7)
  12 rats
  3 rat simulacra (Ossuary)
  8 spectral goblins (Ossuary)
  4 spectral kobolds (Ossuary)
  2 spectral rats (Ossuary)
249 creatures vanquished.

Notes
Turn   | Place    | Note
-------+----------+-------------------------------------------
     0 | Abyss:1  | Gargoyl the Minotaur Abyssal Knight began the quest for the Orb.
     0 | Abyss:1  | Reached XP level 1. HP: 19/19 MP: 1/1
    60 | Abyss:1  | Found a corrupted altar of Lugonu.
   118 | Abyss:2  | Noticed a small abomination
   122 | D:1      | Escaped the Abyss
   302 | D:1      | Reached * piety under Lugonu
   304 | D:1      | Reached XP level 2. HP: 27/27 MP: 2/2
   531 | D:1      | Reached XP level 3. HP: 31/34 MP: 3/3
   904 | D:2      | Reached ** piety under Lugonu
   997 | D:2      | Reached XP level 4. HP: 38/41 MP: 4/4
  1539 | D:3      | Reached skill level 5 in Fighting
  1540 | D:3      | Noticed Robin
  1547 | D:3      | Killed Robin
  1584 | D:3      | Found a bloodstained altar of Trog.
  1629 | D:3      | Noticed a phantom
  1652 | D:3      | Killed a phantom
  1652 | D:3      | Reached XP level 5. HP: 35/48 MP: 5/5
  1765 | D:3      | Noticed Sigmund
  1771 | D:3      | Killed Sigmund
  1771 | D:3      | Reached skill level 5 in Axes
  1771 | D:3      | Reached XP level 6. HP: 56/56 MP: 5/7
  2103 | D:3      | Noticed Terence
  2115 | D:3      | Killed Terence
  2668 | D:4      | Reached *** piety under Lugonu
  2680 | D:4      | Reached XP level 7. HP: 59/61 MP: 8/8
  2877 | D:4      | Reached skill level 5 in Armour
  3289 | D:5      | Entered Level 5 of the Dungeon
  3426 | D:5      | Found a sand-covered staircase.
  3443 | Ossuary  | Entered an ossuary
  3512 | Ossuary  | Reached **** piety under Lugonu
  3884 | D:5      | Reached XP level 8. HP: 60/70 MP: 8/10
  3913 | D:5      | Found an opulent altar of Gozag.
  4894 | D:6      | Reached ***** piety under Lugonu
  5377 | D:6      | Reached skill level 5 in Invocations
  5778 | D:6      | Reached XP level 9. HP: 77/79 MP: 10/12
  5877 | D:6      | Found a staircase to the Ecumenical Temple.
  6986 | D:7      | Found a flagged portal.
  7009 | Bailey   | Entered a bailey
  8086 | D:8      | Noticed LiquoriceLizzard's ghost (novice FoAK)
  8100 | D:8      | Mangled by LiquoriceLizzard's ghost

Skill      XL: |  1  2  3  4  5  6  7  8  9 |
---------------+----------------------------+-----
Fighting       | 4 5 6 7 |  7.8
Axes           | 3 4 5 6 8 9 |  9.9
Armour         | 3 4 5 7 9 |  9.5
Invocations    | 2 3 4 5 6 |  6.1
Dodging        | 2 |  2.7

Action                   |  1- 3 |  4- 6 |  7- 9 || total
-------------------------+-------+-------+-------++-------
Melee: War axe           |    68 |    76 |       ||   144
       Headbutt          |     9 |    15 |    62 ||    86
       Hand axe          |       |    24 |   359 ||   383
Invok: Depart the Abyss  |     1 |       |       ||     1
  Use: Scroll            |     1 |     9 |    11 ||    21
  Eat: Chunk             |       |     5 |    15 ||    20
       Bread ration      |       |       |     1 ||     1
Armor: Ring mail         |    38 |    50 |    14 ||   102
       Leather armour    |     1 |       |       ||     1
       Chain mail        |       |       |   194 ||   194
Dodge: Dodged            |    66 |    76 |   139 ||   281
Block: Shield            |       |       |     3 ||     3
